Map: Oceanborn LE

Players

sebesdes - Winner!

  • Race: Protoss Protoss
  • League: Grandmaster
  • Spawn Location: 5:00

Moja

  • Race: Terran Terran
  • League: Grandmaster
  • Spawn Location: 11:00

Event: HomeStory Cup XXV

VOD

Have the link to the VOD?

Description

Time

  • Played on: June 21, 2024, 4:16 p.m.
  • Length: 27:26

All games in this series

Show
View Real Time Build Order
Export as new Build Order

sebesdes Protoss - Winner!

Build Orders: 1 Gate Expand, Blink Stalkers 

Get SALT Encoding   

  12  0:00  Probe  
  13  0:12  Probe  
  14  0:17  Pylon  
  14  0:24  Probe (Chrono Boost)  
  16  0:36  Gateway, Probe (Chrono Boost)  
  16  0:43  Probe (Chrono Boost)  
  16  0:45  Assimilator  
  17  0:50  Probe  
  18  1:03  Probe  
  19  1:15  Probe  
  20  1:23  Cybernetics Core  
  20  1:31  Nexus  
  20  1:34  Probe  
  21  1:42  Pylon  
  21  1:47  Probe  
  22  1:51  Assimilator  
  22  1:57  Adept (Chrono Boost)  
  22  1:59  Probe  
  25  2:04  Warp Gate  
  25  2:13  Probe  
  26  2:20  Twilight Council  
  26  2:25  Probe  
  26  2:26  Adept (Chrono Boost)  
  29  2:39  Probe (Chrono Boost)  
  30  2:45  Probe (Chrono Boost)  
  32  2:52  Blink (Chrono Boost)  
  32  2:54  Probe x2 (Chrono Boost)  
  33  2:59  Probe (Chrono Boost)  
  33  3:01  Probe  
  33  3:04  Gateway  
  35  3:11  Probe  
  36  3:15  Probe  
  36  3:17  Gateway  
  37  3:23  Probe  
  37  3:24  Robotics Facility  
  38  3:27  Probe  
  37  3:35  Probe  
  37  3:36  Shield Battery  
  37  3:40  Probe  
  39  3:43  Gateway  
  40  3:48  Probe  
  40  3:50  Pylon  
  40  3:51  Stalker  
  40  3:53  Probe  
  43  3:58  Stalker  
  43  4:00  Probe  
  46  4:11  Warp Prism, Stalker  
  46  4:13  Pylon  
  50  4:18  Stalker  
  52  4:24  Stalker  
  54  4:37  Stalker, Pylon  
  55  4:45  Probe x2  
  56  4:49  Nexus, Observer  
  58  5:03  Probe  
  59  5:08  Charge (Chrono Boost)  
  59  5:10  Probe  
  59  5:11  Assimilator  
  59  5:12  Stalker x3  
  59  5:13  Assimilator  
  66  5:19  Probe (Chrono Boost)  
  67  5:23  Probe (Chrono Boost)  
  67  5:24  Shield Battery  
  68  5:29  Pylon  
  68  5:31  Probe (Chrono Boost)  
  68  5:35  Probe (Chrono Boost)  
  70  5:41  Pylon  
  70  5:45  Probe x2  
  72  5:50  Stalker x3  
  78  6:00  Robotics Bay  
  78  6:02  Probe x2 (Chrono Boost)  
  80  6:05  Probe (Chrono Boost)  
  80  6:09  Gateway  
  80  6:10  Gateway  
  81  6:12  Gateway  
  81  6:15  Probe x2 (Chrono Boost)  
  81  6:16  Probe (Chrono Boost)  
  81  6:18  Pylon  
  84  6:23  Probe  
  85  6:26  Zealot x3  
  85  6:27  Probe x2  
  93  6:35  Probe  
  93  6:39  Probe  
  95  6:44  Probe, Colossus (Chrono Boost)  
  96  6:48  Probe  
  96  6:51  Probe  
  104  6:54  Extended Thermal Lance (Chrono Boost)  
  104  6:55  Zealot x2  
  104  6:58  Pylon  
  104  7:00  Pylon  
  108  7:06  Assimilator  
  101  7:16  Probe  
  101  7:17  Pylon  
  101  7:21  Colossus (Chrono Boost)  
  97  7:25  Zealot x6  
  105  7:30  Probe  
  105  7:35  Probe  
  111  7:46  Zealot x2  
  111  7:47  Zealot x4  
  111  7:51  Probe  
  100  8:01  Probe  
  85  8:10  Zealot x4  
  85  8:11  Probe, Colossus (Chrono Boost)  
  94  8:13  Zealot x2  
  104  8:22  Pylon  
  104  8:25  Gateway, Nexus  
  104  8:27  Gateway  
  104  8:30  Shield Battery, Probe  
  105  8:35  Sentry x2  
  105  8:36  Sentry  
  107  8:41  Zealot x3  
  107  8:44  Probe  
  107  8:46  Templar Archives  
  114  8:51  Probe  
  114  8:53  Disruptor (Chrono Boost), Probe  
  120  9:04  Zealot x4  
  118  9:12  Zealot x2  
  106  9:21  Psionic Storm  
  106  9:23  Stalker x2, Observer  
  92  9:27  Stalker, Zealot x3  
  102  9:32  Probe (Chrono Boost)  
  102  9:34  Probe x2 (Chrono Boost)  
  103  9:41  Observer (Chrono Boost)  
  103  9:44  High Templar, Probe x2 (Chrono Boost)  
  103  9:45  Probe (Chrono Boost), High Templar  
  110  9:47  Probe (Chrono Boost)  
  110  9:50  High Templar x4  
  110  9:51  Probe  
  121  9:53  Probe  
  121  9:56  Forge  
  121  9:59  Observer  
  122  10:05  Stalker x2  
  126  10:09  Probe x2  
  126  10:10  Assimilator, Probe  
  126  10:11  Probe  
  126  10:12  Assimilator  
  126  10:13  Observer (Chrono Boost)  
  131  10:14  Forge  
  132  10:23  Probe (Chrono Boost)  
  132  10:25  Probe (Chrono Boost)  
  132  10:27  Protoss Ground Armor Level 1 (Chrono Boost)  
  135  10:28  Probe (Chrono Boost)  
  135  10:29  Probe (Chrono Boost), Immortal (Chrono Boost)  
  135  10:34  Probe (Chrono Boost)  
  141  10:36  Probe (Chrono Boost)  
  141  10:38  Probe (Chrono Boost)  
  141  10:41  Zealot x2  
  141  10:42  Zealot x5  
  156  10:44  Protoss Ground Weapons Level 1 (Chrono Boost)  
  156  10:47  Pylon  
  156  10:50  Pylon  
  156  11:01  Robotics Facility  
  156  11:05  Warp Prism (Chrono Boost), Probe x2  
  160  11:13  Stalker x4  
  164  11:32  Disruptor (Chrono Boost)  
  162  11:35  Probe  
  162  11:38  Nexus  
  167  11:42  Zealot x2  
  167  11:46  Pylon  
  171  11:49  Pylon  
  171  11:51  Gateway x2  
  167  11:55  Disruptor  
  167  11:56  Gateway  
  167  11:58  Pylon  
  167  11:59  Gateway  
  165  12:03  Pylon  
  149  12:10  Stalker  
  149  12:11  Stalker, Zealot x5  
  155  12:16  Protoss Ground Armor Level 2 (Chrono Boost)  
  155  12:19  Disruptor (Chrono Boost)  
  155  12:21  Archon  
  155  12:23  Probe  
  155  12:25  Probe  
  155  12:28  Zealot  
  159  12:31  Photon Cannon  
  159  12:32  Shield Battery, Photon Cannon  
  159  12:34  Pylon, Photon Cannon  
  159  12:35  Photon Cannon  
  159  12:37  High Templar, Photon Cannon  
  159  12:38  Protoss Ground Weapons Level 2 (Chrono Boost), High Templar x2  
  159  12:39  Shield Battery, Zealot x2  
  159  12:40  Zealot  
  159  12:43  Pylon, Dark Shrine  
  171  12:47  Disruptor (Chrono Boost)  
  171  12:51  Probe  
  174  13:11  Disruptor  
  178  13:21  Immortal  
  182  13:30  Assimilator  
  182  13:32  Shield Battery, Photon Cannon  
  182  13:33  Photon Cannon  
  178  13:42  Zealot x5  
  178  13:43  Stalker x3  
  178  13:47  Immortal  
  191  13:50  Shadow Stride (Chrono Boost)  
  186  14:00  Stalker x2, Zealot x2  
  194  14:05  Photon Cannon  
  194  14:07  Pylon, Stargate  
  194  14:08  Assimilator  
  187  14:17  Zealot  
  187  14:18  Zealot x5  
  187  14:20  Zealot x4  
  170  14:33  Stalker x2  
  168  14:41  Protoss Ground Armor Level 3 (Chrono Boost)  
  168  14:43  Stalker x2  
  168  14:44  Zealot x8  
  184  14:46  Probe  
  181  14:56  Probe  
  180  15:10  Disruptor  
  180  15:16  Disruptor  
  180  15:20  Dark Templar x9  
  200  15:24  Nexus  
  200  15:27  Protoss Air Weapons Level 1 (Chrono Boost)  
  200  15:30  Pylon x2  
  168  15:59  Archon  
  168  16:01  Disruptor  
  168  16:03  Zealot x2  
  168  16:04  Zealot x7  
  174  16:05  High Templar x3  
  147  16:19  Immortal  
  147  16:24  Stalker x4  
  147  16:25  Zealot x5  
  157  16:34  Fleet Beacon  
  157  16:37  Disruptor  
  157  16:39  Stargate  
  159  16:42  Stargate  
  153  16:51  Zealot x9  
  153  16:52  Zealot  
  155  16:58  Immortal  
  155  16:59  Protoss Ground Weapons Level 3 (Chrono Boost)  
  149  17:11  Stalker x8  
  149  17:13  Immortal  
  169  17:20  Stalker x4  
  177  17:33  Protoss Shields Level 1 (Chrono Boost)  
  177  17:37  Disruptor  
  169  17:51  Zealot x2, Disruptor  
  161  17:53  Zealot x3  
  161  17:56  Zealot x5  
  143  18:10  Stalker x4, Zealot x3  
  155  18:15  Carrier x2 (Chrono Boost)  
  155  18:16  Carrier (Chrono Boost)  
  173  18:21  Zealot x5  
  183  18:29  Disruptor  
  173  18:36  Zealot x6  
  181  18:52  Zealot x5  
  181  18:54  Probe  
  190  18:59  Zealot x4  
  198  19:03  Protoss Air Weapons Level 2 (Chrono Boost)  
  195  19:28  Zealot x2  
  185  19:40  Zealot x2  
  185  19:41  Zealot x3  
  187  19:46  Carrier (Chrono Boost)  
  187  19:47  Carrier (Chrono Boost)  
  187  19:48  Zealot x2  
  197  19:57  Probe  
  194  20:04  Stalker x3  
  200  20:12  Immortal  
  196  20:17  Zealot x4  
  198  20:21  Zealot  
  198  20:24  Nexus  
  198  20:25  Pylon  
  198  20:26  Pylon  
  198  20:43  Zealot, Carrier (Chrono Boost)  
  198  20:49  Zealot x2  
  200  20:59  Immortal  
  200  21:01  Probe  
  191  21:06  Photon Cannon  
  191  21:08  Photon Cannon  
  191  21:10  Photon Cannon  
  191  21:11  Carrier x2 (Chrono Boost)  
  191  21:12  Protoss Air Weapons Level 3 (Chrono Boost), Photon Cannon  
  191  21:15  Photon Cannon  
  191  21:17  Shield Battery  
  183  21:23  Probe  
  183  21:24  Probe  
  167  21:29  Assimilator  
  167  21:32  Assimilator  
  147  21:33  Stalker  
  147  21:34  Stalker x2, Zealot x5  
  156  21:54  Carrier  
  162  22:02  Stalker x2  
  162  22:03  Zealot x2  
  170  22:28  Colossus (Chrono Boost)  
  176  22:34  Zealot x2  
  176  22:35  Zealot x6  
  144  22:59  Zealot x8  
  144  23:00  Zealot  
  138  23:15  Stalker  
  138  23:19  Colossus (Chrono Boost)  
  146  23:20  High Templar  
  147  23:39  Zealot x8  
  139  24:08  Carrier (Chrono Boost)  
  115  24:19  Zealot x5  
  115  24:21  Observer  
  125  24:28  Observer  
  125  24:32  High Templar  
  125  24:36  Nexus  
  125  24:37  Colossus  
  127  24:46  Pylon  
  133  25:05  Zealot  
  133  25:08  Photon Cannon  
  133  25:09  Shield Battery  
  133  25:16  Dark Templar  
  133  25:17  Zealot x3  
  141  25:28  Zealot x3  
  147  25:36  Colossus (Chrono Boost)  
  127  25:44  Zealot, High Templar  
  131  25:51  Zealot x2  
  131  25:52  Zealot  
  131  26:03  High Templar  
  131  26:04  Zealot x2  
  121  26:25  Zealot x3  
  121  26:26  Colossus (Chrono Boost)  
  133  26:35  Zealot x3  
  139  26:43  High Templar  
  139  26:56  Assimilator  
  137  27:05  High Templar  
  137  27:06  High Templar  
  137  27:08  Zealot x3  
  141  27:24  Archon  
Show
View Real Time Build Order
Export as new Build Order

Moja Terran 

Build Orders: Banshee Rush 

Get SALT Encoding   

  12  0:00  SCV  
  13  0:12  SCV  
  14  0:17  Supply Depot  
  14  0:24  SCV  
  15  0:39  SCV  
  15  0:40  Barracks  
  16  0:44  Refinery  
  16  0:51  SCV  
  17  1:03  SCV  
  18  1:15  SCV  
  19  1:27  Orbital Command, Barracks Reactor  
  19  1:38  Command Center  
  19  1:49  Supply Depot  
  19  1:53  SCV  
  20  2:05  Marine x2  
  20  2:06  SCV  
  23  2:12  Factory  
  23  2:18  SCV  
  24  2:23  Marine x2  
  24  2:29  Refinery  
  26  2:30  SCV  
  27  2:41  Marine x2  
  29  2:46  SCV  
  28  2:53  Orbital Command  
  28  2:58  SCV  
  29  3:03  Starport  
  29  3:08  Hellion x2  
  29  3:10  SCV  
  34  3:13  Barracks Tech Lab  
  34  3:19  SCV  
  35  3:22  SCV  
  36  3:29  Hellion x2  
  36  3:31  SCV  
  41  3:34  SCV  
  42  3:43  SCV  
  42  3:44  Supply Depot  
  42  3:47  SCV  
  43  3:48  Cloaking Field, Banshee  
  46  4:00  Factory Tech Lab  
  46  4:01  Bunker  
  46  4:06  Supply Depot, SCV x2, Marine x2  
  50  4:12  Supply Depot  
  50  4:18  Siege Tank, SCV  
  50  4:21  Supply Depot  
  54  4:27  Marine x2  
  54  4:28  SCV  
  57  4:33  SCV, Banshee  
  61  4:40  SCV  
  61  4:45  SCV  
  63  4:46  Supply Depot  
  63  4:47  Marine x2  
  63  4:49  Barracks  
  63  4:50  Siege Tank  
  63  4:52  SCV  
  67  4:57  SCV  
  66  5:04  SCV  
  67  5:09  SCV, Engineering Bay  
  67  5:10  Barracks  
  66  5:16  SCV  
  66  5:18  Marine x2  
  66  5:21  SCV  
  70  5:25  Refinery  
  70  5:26  Refinery  
  68  5:28  SCV, Starport Reactor  
  68  5:29  Factory Reactor  
  68  5:33  Supply Depot, SCV  
  70  5:36  Barracks  
  70  5:37  Barracks  
  70  5:39  Marine x2  
  70  5:40  SCV  
  73  5:44  Terran Infantry Weapons Level 1  
  73  5:45  SCV  
  73  5:46  Marauder, Stimpack  
  76  5:52  SCV  
  77  5:57  Supply Depot, SCV  
  77  6:05  SCV  
  77  6:07  Marine x2, Medivac x2  
  84  6:13  Missile Turret  
  84  6:14  Combat Shield  
  84  6:17  Command Center  
  84  6:20  SCV, Marauder x2  
  84  6:22  SCV  
  84  6:24  Barracks Tech Lab  
  84  6:25  Barracks Reactor  
  90  6:28  Marine x2  
  90  6:32  SCV  
  93  6:34  Supply Depot, SCV  
  94  6:40  Medivac  
  94  6:41  Missile Turret  
  94  6:45  Concussive Shells  
  101  6:47  Marine, Marauder x3  
  101  6:53  Supply Depot  
  102  6:55  Marine  
  102  6:56  Supply Depot  
  107  7:01  Widow Mine x2  
  107  7:03  Marine  
  110  7:08  Marauder  
  110  7:15  Marine x2, Marauder x2  
  113  7:20  Marine  
  114  7:22  Widow Mine  
  114  7:23  Widow Mine  
  114  7:25  Marine  
  114  7:26  SCV x2  
  114  7:27  Medivac  
  114  7:28  Medivac  
  118  7:30  Marauder  
  118  7:33  Marine  
  118  7:36  Marauder x2  
  122  7:40  SCV  
  122  7:43  Terran Infantry Armor Level 1  
  125  7:44  Widow Mine  
  125  7:49  Marine  
  125  7:50  Marine  
  125  7:51  SCV, Marauder  
  123  7:52  SCV  
  123  7:58  Marauder  
  115  8:06  Marauder  
  115  8:08  Marine  
  115  8:10  Orbital Command  
  115  8:11  SCV x2  
  115  8:12  Marauder, Medivac x2  
  126  8:13  Marine  
  126  8:19  Marine, Marauder  
  130  8:23  Refinery  
  130  8:24  Supply Depot, Refinery  
  130  8:25  Supply Depot, SCV  
  130  8:26  SCV  
  132  8:27  Marauder, Widow Mine x2  
  132  8:32  Marine  
  132  8:34  Marauder  
  141  8:40  Marine  
  141  8:46  SCV x2, Marauder, Viking x2  
  149  8:49  Marine, Marauder  
  149  8:52  Marine  
  149  8:53  SCV  
  149  8:55  Supply Depot, Marauder  
  156  9:00  Supply Depot, Marine  
  157  9:08  Marauder  
  146  9:10  Marine, Marauder  
  146  9:11  Marine  
  146  9:13  Marine  
  146  9:16  Marauder  
  141  9:19  Marine  
  128  9:25  Viking  
  128  9:28  Marine  
  128  9:29  Marine, Marauder, Viking  
  136  9:31  Marauder  
  136  9:34  Ghost Academy  
  136  9:37  Starport  
  136  9:38  Marauder  
  140  9:43  Armory  
  140  9:49  Marine  
  140  9:50  Marine x3  
  140  9:52  SCV  
  147  9:55  Viking  
  147  9:59  Viking  
  153  10:09  Marine x4  
  157  10:19  Engineering Bay  
  157  10:22  Viking x2  
  157  10:27  Marine, Command Center  
  162  10:29  Viking x2  
  162  10:30  Terran Infantry Weapons Level 2  
  162  10:32  Terran Ship Weapons Level 1  
  162  10:33  SCV  
  167  10:37  Unknown x3  
  167  10:39  Missile Turret  
  167  10:41  Missile Turret  
  173  10:43  Missile Turret  
  172  10:50  Terran Infantry Armor Level 2  
  172  10:56  Barracks x2  
  172  10:57  Barracks  
  172  10:59  Viking  
  172  11:03  Viking  
  176  11:08  Bunker  
  176  11:10  Unknown  
  176  11:11  Unknown x2, Viking x2  
  179  11:18  Missile Turret  
  179  11:25  Missile Turret  
  178  11:34  Marine  
  178  11:35  Marauder  
  178  11:39  Marine x2, Marauder x2  
  187  11:55  Marine  
  187  11:56  Marauder  
  187  12:01  Marauder  
  192  12:07  Marine  
  192  12:08  Marauder  
  172  12:10  Marine  
  172  12:11  Medivac x2  
  172  12:12  Medivac  
  172  12:14  Barracks Tech Lab x3  
  165  12:17  Marauder  
  165  12:24  Planetary Fortress  
  167  12:34  Marine  
  170  12:43  Marine  
  177  12:44  Missile Turret  
  177  12:46  Marine x2, Marauder x4  
  177  12:47  Marauder  
  177  12:52  Terran Infantry Weapons Level 3  
  177  12:57  Marine, Marauder  
  180  12:58  Medivac x3  
  182  13:07  Marauder  
  182  13:08  Terran Infantry Armor Level 3, Marauder  
  182  13:09  Terran Ship Weapons Level 2  
  186  13:18  Marine  
  186  13:19  Marine, Marauder x2  
  192  13:25  Marauder x2  
  196  13:28  Supply Depot, Command Center  
  196  13:29  Marine  
  192  13:45  Marine x2  
  191  13:51  Marine  
  191  13:52  Marauder  
  194  13:59  Barracks  
  194  14:00  Barracks x2  
  194  14:01  Command Center  
  194  14:04  Medivac x2  
  161  14:32  Marine x2, Marauder  
  151  14:39  Marine  
  151  14:40  Marine, Marauder x3  
  151  14:41  Marauder x2  
  162  14:49  Marine  
  162  14:50  Marine, Medivac x2  
  166  14:54  Marauder  
  166  14:57  Marine  
  166  14:58  Orbital Command  
  167  15:01  Marine, Marauder  
  167  15:02  Marauder x2  
  167  15:03  Barracks Tech Lab, Marauder x2  
  177  15:07  Marine  
  177  15:09  Marine  
  179  15:15  Marauder  
  179  15:18  Missile Turret  
  181  15:22  Barracks Tech Lab x2, Marine x2  
  181  15:23  Marauder x4  
  181  15:25  Starport  
  181  15:26  Fusion Core  
  190  15:35  Terran Vehicle And Ship Armor Level 1  
  187  15:36  Hi-Sec Auto Tracking  
  187  15:45  Neosteel Armor  
  169  15:59  Marine, Marauder  
  169  16:00  Marine  
  169  16:01  Marine, Marauder  
  167  16:05  Marine x2, Marauder x2  
  167  16:06  Medivac  
  172  16:13  Marine x2, Marauder, Medivac  
  172  16:14  Starport Reactor  
  159  16:23  Marine  
  159  16:24  Barracks Tech Lab x2, Marauder  
  156  16:31  Marine x2  
  156  16:32  Marine, Marauder x3  
  165  16:36  Medivac  
  167  16:43  Medivac  
  150  16:50  Marine x2, Marauder  
  150  16:51  Marauder  
  150  16:52  Marine  
  150  16:53  Marine, Marauder x2  
  143  17:00  Marine, Missile Turret  
  143  17:01  Marine, Marauder x2  
  144  17:20  Missile Turret, Marauder  
  144  17:21  Marauder x3  
  144  17:26  Marine  
  144  17:27  Marine, Marauder x2  
  149  17:41  Marine, Marauder  
  148  17:44  Marine  
  148  17:45  Marauder  
  146  17:54  Marine, Marauder x2  
  146  17:55  Marine, Marauder x2  
  146  17:58  Marine, Marauder  
  151  18:00  Marine  
  151  18:01  Marauder  
  151  18:04  Marine  
  151  18:05  Marauder  
  150  18:06  Marine  
  150  18:12  Marine  
  152  18:13  Marine  
  152  18:14  Medivac x2  
  152  18:15  Marine, Marauder  
  152  18:16  Marauder x2  
  152  18:17  Marauder  
  152  18:18  Marine  
  152  18:19  Marine  
  168  18:22  Marine, Marauder  
  171  18:30  Marine, Marauder  
  171  18:33  Marine, Marauder  
  177  18:34  Marauder  
  177  18:36  Marine x2  
  177  18:37  Marauder x2  
  183  18:44  Marine, Marauder  
  173  18:48  Marine  
  173  18:49  Marine, Marauder  
  173  18:52  Marauder  
  179  19:00  Orbital Command  
  179  19:21  Marine x2, Marauder, Medivac  
  179  19:22  Medivac  
  187  19:31  Marine  
  187  19:32  Marauder  
  171  19:40  Marine, Marauder  
  171  19:41  Marine, Marauder x2  
  171  19:44  Marine  
  171  19:45  Marauder  
  152  19:54  Marine, Marauder  
  152  19:56  Marine  
  152  19:57  Marauder  
  158  20:02  Marine x2, Marauder  
  162  20:10  Marine  
  162  20:11  Marauder  
  150  20:17  Marine x2, Marauder  
  150  20:21  Marine  
  145  20:40  Marine, Marauder x3  
  158  20:48  Marine  
  158  20:49  Marine  
  159  20:50  Unknown x3, Marauder  
  159  20:55  Marine  
  162  20:58  Marine  
  162  21:01  Marine, Marauder x2  
  168  21:06  Marine  
  168  21:07  Marine  
  168  21:08  Unknown x3, Marauder x2  
  155  21:19  Unknown x2, Marine, Marauder  
  155  21:20  Marine x2  
  155  21:24  Marine  
  139  21:30  Marine x3  
  123  21:37  Unknown, Marine x3  
  123  21:38  Marine  
  117  21:40  Unknown, Marine x2  
  117  21:42  Marine  
  120  21:47  Unknown, Marine x2  
  120  21:48  Marine x2  
  120  21:52  Unknown x2, Marine x2  
  113  21:54  Marine  
  113  21:56  Orbital Command  
  113  21:57  Marine x2  
  113  22:00  Marine  
  113  22:01  Marine  
  117  22:10  Marine x2  
  117  22:12  Marine x4  
  117  22:13  Marine x2  
  125  22:20  Marine x2  
  114  22:51  Marine x4  
  100  22:55  Marine x2  
  97  23:03  Marine x2  
  99  23:06  Marine x2  
  99  23:07  Marine  
  99  23:08  Marine  
  97  23:28  Marine x2  
  97  23:29  Marine  
  100  23:34  Marine  
  100  23:35  Marine x2  
  100  23:36  Marine  
  104  23:42  Marine  
  105  23:49  Marine  
  105  23:50  Marine  
  105  23:53  Marine  
  105  23:54  Marine  
  109  23:58  Marine x2  
  72  24:10  Marine x3  
  72  24:11  Medivac  
  72  24:12  Marine x3, Medivac x2  
  84  24:26  Marine x2  
  86  24:36  Marine x2  
  86  24:38  Marine x3  
  86  24:39  Marine  
  86  24:40  Marine  
  86  24:41  Marine x2  
  86  24:43  Marine  
  94  24:51  Marine  
  95  24:54  Marine  
  95  24:59  Marine x3  
  99  25:12  Marine  
  99  25:13  Marine  
  101  25:16  Marine  
  101  25:20  Marine x2  
  104  25:25  Marine x2  
  93  25:44  Marine x2  
  93  25:45  Marine x2  
  94  25:52  Marine x2  
  94  25:56  Unknown  
  71  26:06  Marauder x4  
  71  26:09  Marine x2  
  78  26:25  Marine  
  77  26:29  Refinery  
  77  26:30  Refinery  
  77  26:33  Marine x3  
  79  26:44  Marine x2  
  79  26:47  Marine x2  
  81  26:50  Marine  
  81  26:52  Marine x2  
  81  26:53  Marine  
  87  26:54  Marine  
  84  27:03  Marine x3  
Tags
 
Add a new tag
Caveats
  • Supply blocks, unpowered buildings, or Contaminate may cause inaccurate times.
  • Supply counts are checked every 10 seconds.